 Dungeon Crawl Stone Soup version 0.27-a0-522-g46bbb28828 (webtiles) character file.

Game seed: 18325891207190900454

4459 HoaS the Martial Artist (level 9, -1/74 HPs)
             Began as a Demigod Gladiator on Mar 5, 2021.
             Splashed by a jelly's acid (7 damage)
             ... on level 8 of the Dungeon.
             The game lasted 00:24:14 (8614 turns).

HoaS the Martial Artist (Demigod Gladiator)         Turns: 8614, Time: 00:24:14

Health: -1/74      AC: 13    Str: 25    XL:     9   Next: 93%
Magic:  11/11      EV: 11    Int: 10    God:
Gold:   306        SH:  0    Dex: 23    Spells: 8/8 levels left

rFire    . . .     SeeInvis .     - Unarmed
rCold    + . .     Faith    .   (no shield)
rNeg     . . .     Spirit   .   c - +0 plate armour
rPois    +         Reflect  .   b - +2 helmet
rElec    .         Harm     .   (no cloak)
rCorr    .         Rampage  .   j - +1 pair of gloves
Will     .....                  (no boots)
Stlth    ..........             (no amulet)
HPRegen  0.22/turn              o - ring of poison resistance
MPRegen  0.12/turn              s - ring of Gesutohu {rC+ Str+6}

@: corroded
A: high mp 1, forlorn
a: no special abilities


You were on level 8 of the Dungeon.
You visited 1 branch of the dungeon, and saw 8 of its levels.

You collected 405 gold pieces.
You spent 99 gold pieces at shops.

Inventory:

Missiles
 g - 13 boomerangs (quivered)
Armour
 b - a +2 helmet (worn)
 c - a +0 plate armour (worn)
 j - a +1 pair of gloves (worn)
Jewellery
 o - a ring of poison resistance (left hand)
 s - the ring of Gesutohu (right hand) {rC+ Str+6}
   (You found it on level 5 of the Dungeon)

   [ring of strength]

   It affects your strength (+6).
   It protects you from cold.
Wands
 n - a wand of iceblast (6)
 p - a wand of acid (6)
 u - a wand of polymorph (9)
Scrolls
 d - 2 scrolls of magic mapping
 h - a scroll of fog
 l - a scroll of teleportation
 v - a scroll of blinking
Potions
 a - a potion of haste
 e - 3 potions of heal wounds
 f - 3 potions of flight
 i - 2 potions of resistance
 k - 2 potions of invisibility
 q - a potion of attraction {unknown}
 r - a potion of lignification {unknown}
 t - a potion of might
 w - a potion of curing {unknown}
 x - a potion of mutation {unknown}


   Skills:
 + Level 5.0 Fighting
 - Level 1.7 Throwing
 + Level 4.5 Armour
 + Level 5.4 Dodging
 * Level 11.0 Unarmed Combat


You had 8 spell levels left.
You didn't know any spells.
Your spell library was empty.

Dungeon Overview and Level Annotations

Branches:
Dungeon (8/15)             Temple (0/1) D:4
   Lair: D:8-11

Shops:
D:6 !

Annotations:
D:4 2 transporters, gruber's ghost, novice KoBe
D:5 1 runed translucent door, night's ghost, novice TrWr


Innate Abilities, Weirdness & Mutations

Your attributes grow dramatically as you level up.
You have an increased reservoir of magic. (+10% MP)
You shall have no god before yourself.


Message History

You hit something but do no damage. Something hits you but does no damage.
You barely miss something. Something hits you but does no damage.
You hit something. Something hits you but does no damage.
You hit something but do no damage. Something hits you but does no damage.
You closely miss something. You miss something. Something barely misses you.
You punch something!
Reactivating autopickup.
You feel a bit more experienced.
You hit the orc wizard.
The orc wizard is lightly wounded.
You hit the orc wizard but do no damage.
The orc wizard is lightly wounded.
The orc wizard barely misses you.
You closely miss the orc wizard.
The orc wizard is lightly wounded.
The orc wizard hits you but does no damage.
You barely miss the orc wizard.
The orc wizard is lightly wounded.
The orc wizard hits you with a +0 dagger.
You pummel the orc wizard!!
You kill the orc wizard!
You punch the orc!
You kill the orc!
Items here: ))) [[ ††.
You hit the jelly.
Your hands burn!
The jelly is moderately wounded.
The jelly jiggles.
The jelly hits you.
You are splashed with acid!
* * * LOW HITPOINT WARNING * * *
You completely miss the jelly.
The jelly is moderately wounded.
The jelly misses you.
You punch the jelly!
Your hands burn!
* * * LOW HITPOINT WARNING * * *
The jelly is almost dead.
The jelly hits you.
* * * LOW HITPOINT WARNING * * *
The acid corrodes you!
You are splashed with acid!
You die...

########.....#..
...........
##.....#...........)...
..........######...##.
#..... #..# #...##. #..J.
#..# ###...##. #..# #..
......... ######..# #.#
###...#.#
........####.#######...#..
........J@)..............#
.#####.#####.#####.#...#.#
#.# #.#..............
#.###.#.#####.#.###.#
#.#.......# # #.###.#
#.###.##### #...... #.#
#.# #.###.#
#####.###.#######.# #.#
#.................# #..


You could see a jelly.

Vanquished Creatures
  Joseph (D:8)
  Duvessa (D:7)
  An ice beast (D:6)
  A water moccasin (D:8)
  3 orc warriors
  2 sky beasts (D:8)
  A necrophage (D:7)
  3 ogres
  4 centaurs
  A phantom (D:7)
  An elf zombie (D:7)
  5 bullfrogs
  Dowan (D:7)
  A scorpion (D:4)
  A troll zombie (D:7)
  13 wights
  A howler monkey (D:5)
  A centaur zombie (D:8)
  7 hounds
  4 jellies
  A bullfrog skeleton (D:5)
  2 centaur skeletons
  6 orc priests
  Ijyb (D:4)
  4 human zombies (D:7)
  3 iguanas
  3 human skeletons (D:7)
  8 orc wizards
  5 worker ants
  A howler monkey zombie (D:6)
  5 adders
  2 shadow imps
  2 white imps (D:8)
  An ufetubus (D:6)
  2 oozes
  3 adder skeletons (D:6)
  5 worms
  A dart slug (D:1)
  9 leopard geckos
  35 orcs
  A ball python (D:1)
  6 bats
  3 giant cockroaches
  8 goblins
  11 hobgoblins
  8 jackals
  8 quokkas
  3 frilled lizards
  A jackal skeleton (D:6)
  7 kobolds
  7 rats
215 creatures vanquished.

Notes
Turn   | Place    | Note
-------+----------+-------------------------------------------
     0 | D:1      | HoaS the Demigod Gladiator began the quest for the Orb.
     0 | D:1      | Reached XP level 1. HP: 17/17 MP: 3/3
    53 | D:1      | Reached skill level 3 in Unarmed Combat
   228 | D:1      | Reached XP level 2. HP: 17/24 MP: 4/4
  1074 | D:1      | Reached skill level 4 in Unarmed Combat
  1074 | D:1      | Reached XP level 3. HP: 21/29 MP: 5/5
  1756 | D:2      | Reached XP level 4. HP: 35/36 MP: 6/6
  2127 | D:2      | Reached skill level 5 in Unarmed Combat
  2783 | D:4      | Reached XP level 5. HP: 34/41 MP: 7/7
  3060 | D:3      | Reached skill level 6 in Unarmed Combat
  3334 | D:4      | Found a staircase to the Ecumenical Temple.
  3338 | D:4      | Noticed Ijyb
  3355 | D:4      | Killed Ijyb
  3356 | D:4      | Reached XP level 6. HP: 46/48 MP: 8/8
  3369 | D:4      | Identified the +7 spear "Nulanly" {distort, *Corrode +Rage
                  | rN+++ Dex+3}
  3377 | D:4      | Found a transporter.
  3397 | D:4      | Found a transporter.
  3403 | D:4      | Noticed a small abomination
  3403 | D:4      | Noticed gruber's ghost (novice KoBe)
  3637 | D:5      | Entered Level 5 of the Dungeon
  3698 | D:4      | Reached skill level 7 in Unarmed Combat
  3887 | D:5      | Found a runed translucent door.
  3937 | D:5      | Reached XP level 7. HP: 51/53 MP: 9/9
  3978 | D:5      | Reached skill level 8 in Unarmed Combat
  4198 | D:5      | Identified the ring of Gesutohu {rC+ Str+6}
  4689 | D:5      | Noticed night's ghost (novice TrWr)
  4723 | D:5      | Reached skill level 9 in Unarmed Combat
  4983 | D:6      | Reached skill level 1 in Armour
  4983 | D:6      | Reached XP level 8. HP: 38/61 MP: 10/10
  5261 | D:6      | Found Cinej's Distillery.
  5272 | D:6      | Bought a potion of might for 44 gold pieces
  5272 | D:6      | Bought a potion of heal wounds for 55 gold pieces
  5716 | D:6      | Noticed a moth of wrath
  5955 | D:7      | Identified the +8 dagger "Eluihoy" {venom, +Rage rF+}
  6551 | D:7      | Reached skill level 10 in Unarmed Combat
  6718 | D:7      | Reached XP level 9. HP: 59/71 MP: 11/11
  6964 | D:7      | Noticed Duvessa
  6985 | D:7      | Noticed Dowan
  6989 | D:7      | Killed Duvessa
  6992 | D:7      | Killed Dowan
  7873 | D:8      | Reached skill level 5 in Dodging
  8147 | D:8      | Noticed Joseph
  8161 | D:8      | Killed Joseph
  8291 | D:8      | Reached skill level 11 in Unarmed Combat
  8597 | D:8      | Reached skill level 5 in Fighting
  8614 | D:8      | Splashed by a jelly's acid

Illustrated notes

Levels and vault maps discovered:
D:1:      evilmike_arrival_hilbert_curve, layout_loops_cross,
          minmay_small_reverse_x
D:2:      layout_rooms, minmay_misc_feat_room, chequers_serial_rivers_micro_c
D:3:      layout_rooms, chequers_ecumenical_altar_simple_redux
D:4:      layout_rooms, temple_doors_e, gammafunk_ghost_abyssal_escape,
          uniq_ijyb
D:5:      lemuel_upstairs_altar, layout_cave_pools, okawaru_gym_becter,
          gammafunk_temple_overflow_pools, ebering_ghost_reflecting_pool
D:6:      layout_cave_pods, tgw_trog, lemuel_round_altar, serial_shops, shop
D:7:      layout_basic, lemuel_mausoleum_altar_kikubaaqudgha, minivault_26,
          uniq_duvessa
D:8:      layout_basic, nicolae_overflow_hidden_temple, lemuel_round_altar,
          grunt_temple_overflow_open, kennysheep_generic_room_12, uniq_joseph

Skill      XL: |  1  2  3  4  5  6  7  8  9 |
---------------+----------------------------+-----
Unarmed Combat | 3 4 5 6 7 9 10 11 | 11.0
Fighting       | 2 3 5 |  5.0
Armour         | 1 3 4 |  4.5
Dodging        | 3 4 5 |  5.4
Throwing       | |  1.7

Action                   |  1- 3 |  4- 6 |  7- 9 || total
-------------------------+-------+-------+-------++-------
Melee: Unarmed           |   194 |   229 |   470 ||   893
       Punch             |     7 |     7 |    37 ||    51
Throw: Throwing net      |     1 |     1 |     6 ||     8
       Boomerang         |       |       |     5 ||     5
Evoke: Wand              |       |       |     2 ||     2
  Use: Scroll            |     6 |     6 |     7 ||    19
       Potion            |       |       |     2 ||     2
 Stab: Sleeping          |     1 |       |       ||     1
       Held in net/web   |       |     1 |     3 ||     4
Armor: Leather armour    |    25 |       |       ||    25
       Scale mail        |    39 |       |       ||    39
       Ring mail         |     6 |       |       ||     6
       Chain mail        |    12 |   132 |   100 ||   244
       Plate armour      |       |       |    92 ||    92
Dodge: Dodged            |   108 |    86 |   156 ||   350

Table legend: (Time is in decaauts)
 A = Elapsed time spent in this place.
 B = Non-inter-level travel time spent in this place.
 C = Inter-level travel time spent in this place.
 D = Time resting spent in this place.
 E = Time spent auto-exploring this place.
 F = Levels seen in this place.
 G = Mean time per level.
                   A        B        C        D        E       F      G
               +--------+--------+--------+--------+--------+-----+--------+
         Total |   8509 |   8091 |    418 |   2105 |   4021 |   8 | 1063.6 |
       Dungeon |   8509 |   8091 |    418 |   2105 |   4021 |   8 | 1063.6 |
               +--------+--------+--------+--------+--------+-----+--------+

Top non-repeatable levels by time:
     D:7: 1328 daAuts
     D:1: 1257 daAuts
     D:6: 1244 daAuts
     D:8: 1149 daAuts
     D:5: 924 daAuts
     D:4: 913 daAuts
     D:3: 860 daAuts
     D:2: 831 daAuts
